 Dungeon Crawl Stone Soup version 0.24-a0-67-ga78bd38 (webtiles) character file.

Game seed: 8523489688869241170

2029 Amnesiac the Frost Mage (level 9, -2/45 HPs)
             Began as a Deep Elf Ice Elementalist on Feb 5, 2019.
             Was a Priest of Vehumet.
             Slain by a centaur (10 damage)
             ... on level 7 of the Dungeon on Feb 6, 2019.
             The game lasted 00:17:57 (5017 turns).

Amnesiac the Frost Mage (Deep Elf Ice Elementalist) Turns: 5017, Time: 00:17:57

Health: -2/45      AC:  4    Str:  5    XL:     9   Next: 3%
Magic:  20/23      EV: 17    Int: 24    God:    Vehumet [***...]
Gold:   225        SH:  5    Dex: 15    Spells: 13/25 levels left

rFire    . . .     SeeInvis .   a - +1 whip (elec)
rCold    . . .     Gourm    .   s - +0 buckler
rNeg     . . .     Faith    .   w - +0 robe
rPois    .         Spirit   .   u - +0 helmet
rElec    .         Reflect  .   (no cloak)
rCorr    .         Harm     .   p - +0 pair of gloves
MR       .....                  (no boots)
Stlth    ++........             i - amulet of regeneration
HPRegen  0.55/turn              e - +4 ring of evasion
MPRegen  0.18/turn              (no ring)

@: no status effects
A: no striking features
a: Renounce Religion


You were on level 7 of the Dungeon.
You worshipped Vehumet.
Vehumet was most pleased with you.
You were not hungry.

You visited 1 branch of the dungeon, and saw 7 of its levels.
You also visited: Sewer.

You collected 315 gold pieces.
You spent 90 gold pieces at shops.

Inventory:

Hand Weapons
 a - a +1 whip of electrocution (weapon)
 r - the +5 flail "Viqegave" {venom, rC- Str+5, unknown}
   (You found it on level 6 of the Dungeon)

   It poisons the flesh of those it strikes.
   It affects your strength (+5).
   It makes you vulnerable to cold.
Armour
 p - a +0 pair of gloves (worn)
 s - a +0 buckler (worn)
 u - a +0 helmet (worn)
 w - a +0 robe (worn)
 x - a +0 troll leather armour {Purgy}
Jewellery
 e - a +4 ring of evasion (left hand)
 g - a +2 amulet of reflection
 i - an amulet of regeneration (around neck)
Wands
 b - a wand of flame (13)
 d - a wand of digging (8)
 D - a wand of paralysis (9)
Scrolls
 h - 3 scrolls of remove curse {!r}
 j - 3 scrolls of enchant armour {!r}
 l - 5 scrolls of teleportation {!r}
 y - a scroll of fear {!r}
 z - 3 scrolls of fog {!r}
 B - 3 scrolls of blinking {!r}
 C - a scroll of magic mapping {!r}
 E - a scroll of amnesia {!r}
 F - a scroll of identify {!r}
Potions
 f - a potion of berserk rage {!q, unknown}
 k - a potion of resistance {!q, unknown}
 m - 2 potions of mutation {!q, unknown}
 n - 2 potions of curing {!q}
 o - a potion of brilliance {!q, unknown}
 q - 3 potions of might {!q}
 t - 2 potions of haste {!q, unknown}
 v - 2 potions of ambrosia {!q}
 A - a potion of flight {!q}
 G - a potion of heal wounds {!q}
Comestibles
 c - 13 rations


   Skills:
 - Level 2.4 Dodging
 - Level 2.4 Stealth
 - Level 4.0 Shields
 - Level 8.5 Spellcasting
 * Level 1.9 Conjurations
 - Level 10.0 Ice Magic


You had 13 spell levels left.
You knew the following spells:

 Your Spells              Type           Power        Failure   Level  Hunger
a - Freeze                Ice            ####         1%          1    None
b - Summon Ice Beast      Ice/Summ       ####....     8%          4    ##.....
d - Throw Icicle          Conj/Ice       #####...     1%          4    ##.....
z - Ozocubu's Armour      Chrm/Ice       ####....     2%          3    None

Your spell library contained the following spells:

 Spells                   Type           Power        Failure   Level  Hunger
 Dazzling Spray           Conj/Hex       ##....       3%          3    None
 Throw Frost              Conj/Ice       #####.       1%          2    None
 Summon Small Mammal      Summ           ##..         6%          1    None
 Call Imp                 Summ           ##......     10%         2    None
 Call Canine Familiar     Summ           ##......     19%         3    None
 Summon Guardian Golem    Hex/Summ       ##......     19%         3    None
 Summon Lightning Spire   Summ/Air       ##......     52%         4    ##.....


Dungeon Overview and Level Annotations

Branches:
Dungeon (7/15)             Temple (0/1) D:6

Altars:
Elyvilon
Fedhas
Gozag
Kikubaaqudgha
Ru
Uskayaw
Vehumet
Xom
Yredelemnul

Shops:
D:5 ?   D:6 }


Message History

Press: ? - help, Shift-Dir - straight line, f/p - sky beast
Aim: a sky beast (severely wounded)
You freeze the sky beast!
The sky beast is almost dead.
The sky beast closely misses you.
Casting: Freeze (safe; 1% risk of failure)
Confirm with . or Enter, or press ? or * to list all spells.
Aiming: Freeze (safe; 1% risk of failure)
Press: ? - help, Shift-Dir - straight line, f/p - sky beast
Aim: a sky beast (almost dead)
You freeze the sky beast!
You kill the sky beast!
Vehumet accepts your kill.
Vehumet is now aiding your destructive spells.
You feel your power returning.
Training target 8.5 for Spellcasting reached!
You have reached level 9!
Your experience leads to an increase in your attributes!
Increase (S)trength, (I)ntelligence, or (D)exterity?
You feel clever.
Okay, then.
An orc comes into view. It is wielding a +0 club.
An orc is nearby!
An orc is nearby!
Found a potion of heal wounds.
The orc shouts!
Casting: Freeze (safe; 1% risk of failure)
Confirm with . or Enter, or press ? or * to list all spells.
Aiming: Freeze (safe; 1% risk of failure)
Press: ? - help, Shift-Dir - straight line, f - orc
Aim: an orc, wielding a +0 club You freeze the orc!
You kill the orc!
Vehumet accepts your kill.
You feel your power returning.
G - a potion of heal wounds {!q}
Found a runed short sword.
Found a hide-covered altar of Uskayaw.
Found a trident.
A centaur comes into view.
The centaur shouts!
The centaur wields a +0 shortbow.
The centaur shoots an arrow.
The arrow hits you.
The centaur shoots an arrow.
You block the arrow.
You see here 2 arrows.
A centaur is nearby!
The centaur shoots an arrow.
The arrow hits you.
You see here an arrow.
The centaur shoots an arrow.
The arrow hits you!
The centaur shoots an arrow.
You block the arrow.
Found a stone staircase leading down.
You see here an arrow.
The centaur shoots an arrow.
The arrow hits you!
* * * LOW HITPOINT WARNING * * *
You see here an arrow.
The centaur unwields a +0 shortbow.
The centaur hits you!
* * * LOW HITPOINT WARNING * * *
Casting: Freeze (safe; 1% risk of failure)
Confirm with . or Enter, or press ? or * to list all spells.
Aiming: Freeze (safe; 1% risk of failure)
Press: ? - help, Shift-Dir - straight line, f - centaur
Aim: a centaur You freeze the centaur.
The centaur is lightly wounded.
The centaur hits you!
You die...

###).......##.......##.
.....8.8.8.###......###
##.........##......)..
#......(....#.........
##.....(!.#..#.........
#.#.......)_#..#+#.......
.......(..%.#..# ###..###
.......(.......# #...##
#.##....@....... .......
#..%8c8.8.#.## ##.....
#.........#.# ...###
#............
#...####.....# .....
>##### .#... ## ..#


You could see a centaur.

Vanquished Creatures
  Edmund (D:5)
  A water moccasin (D:6)
  An orc warrior (D:6)
  A sky beast (D:7)
  2 slaves (D:4)
  2 bullfrogs (D:6)
  A scorpion (D:6)
  A bullfrog skeleton (D:5)
  An orc priest (D:5)
  A hound (D:4)
  An orc wizard (D:5)
  Ijyb (D:3)
  Natasha (twice) (D:2)
  An iguana (D:5)
  6 worker ants
  Robin (D:3)
  A howler monkey zombie (D:5)
  8 adders
  A river rat (D:5)
  An ooze (D:3)
  An adder skeleton (D:4)
  4 worms
  2 leopard geckos
  8 orcs
  3 ball pythons
  5 bats
  5 giant cockroaches
  13 goblins
  10 hobgoblins
  11 jackals
  11 kobolds
  2 quokkas
  14 frilled lizards
  A quokka zombie (D:7)
  10 rats
135 creatures vanquished.

Vanquished Creatures (collateral kills)
  Harold (D:7)
  Pikel (D:4)
  Grinder (D:6)
  Purgy (Sewer)
  A crimson imp (D:6)
  An orc wizard (D:5)
  2 orcs
8 creatures vanquished.

Grand Total: 143 creatures vanquished

Notes
Turn   | Place    | Note
-------+----------+-------------------------------------------
     0 | D:1      | Amnesiac the Deep Elf Ice Elementalist began the quest for
                  | the Orb.
     0 | D:1      | Reached XP level 1. HP: 10/10 MP: 6/6
   171 | D:1      | Reached XP level 2. HP: 15/15 MP: 4/8
   235 | D:1      | Reached skill level 4 in Ice Magic
   447 | D:3      | Noticed Ijyb
   701 | D:2      | Noticed Natasha
   734 | D:2      | Reached XP level 3. HP: 19/19 MP: 7/10
   745 | D:2      | Learned a level 3 spell: Ozocubu's Armour
   771 | D:2      | Found an opulent altar of Gozag.
   873 | D:4      | Found a white marble altar of Elyvilon.
   909 | D:4      | Reached skill level 5 in Ice Magic
   909 | D:4      | Reached XP level 4. HP: 9/24 MP: 3/12
   992 | D:4      | Found a radiant altar of Vehumet.
  1016 | D:4      | Became a worshipper of Vehumet
  1162 | D:2      | Killed Natasha
  1339 | D:2      | Reached XP level 5. HP: 28/28 MP: 12/14
  1402 | D:2      | Noticed Natasha
  1411 | D:2      | Killed Natasha
  1641 | D:1      | Reached * piety under Vehumet
  1641 | D:1      | Offered knowledge of Flame Tongue by Vehumet.
  1868 | D:1      | Learned a level 1 spell: Flame Tongue
  1873 | D:1      | Learned a level 4 spell: Throw Icicle
  1878 | D:1      | Learned a level 4 spell: Summon Ice Beast
  2165 | D:3      | Killed Ijyb
  2165 | D:3      | Reached skill level 5 in Spellcasting
  2165 | D:3      | Reached skill level 6 in Ice Magic
  2304 | D:3      | Noticed Robin
  2340 | D:3      | Killed Robin
  2800 | D:4      | Noticed a slave
  2813 | D:4      | Killed a slave
  2822 | D:4      | Noticed Pikel
  2836 | D:4      | Noticed a slave
  2844 | D:4      | Noticed a slave
  2844 | D:4      | Noticed a slave
  2849 | D:4      | Killed Pikel
  2849 | D:4      | Reached skill level 1 in Shields
  2849 | D:4      | Reached skill level 7 in Ice Magic
  2849 | D:4      | Reached XP level 6. HP: 13/32 MP: 3/17
  2849 | D:4      | Reached XP level 7. HP: 14/36 MP: 3/18
  3056 | D:4      | Reached ** piety under Vehumet
  3169 | D:4      | Offered knowledge of Shock by Vehumet.
  3212 | D:5      | Entered Level 5 of the Dungeon
  3394 | D:5      | Noticed Edmund
  3537 | D:5      | Killed Edmund
  3537 | D:5      | Reached skill level 8 in Ice Magic
  3548 | D:5      | Found a blossoming altar of Fedhas.
  3721 | D:5      | Found a glowing drain.
  3733 | Sewer    | Entered a sewer
  3777 | Sewer    | Noticed Purgy
  3783 | Sewer    | Killed Purgy
  3997 | D:5      | Offered knowledge of Dazzling Spray by Vehumet.
  4012 | D:5      | Reached XP level 8. HP: 27/41 MP: 15/20
  4034 | D:5      | Found Qereigru's Magic Scroll Boutique.
  4037 | D:5      | Bought a scroll of blinking for 90 gold pieces
  4265 | D:6      | Noticed Grinder
  4280 | D:6      | Found Biboom's Gadget Shoppe.
  4289 | D:6      | Killed Grinder
  4432 | D:6      | Reached skill level 9 in Ice Magic
  4523 | D:6      | Found a staircase to the Ecumenical Temple.
  4598 | D:6      | Found a shimmering altar of Xom.
  4646 | D:6      | Got a crystal flail
  4803 | D:6      | Found a sacrificial altar of Ru.
  4806 | D:6      | Found an ancient bone altar of Kikubaaqudgha.
  4808 | D:6      | Found a blossoming altar of Fedhas.
  4890 | D:7      | Noticed Harold
  4934 | D:7      | Killed Harold
  4966 | D:7      | Found a basalt altar of Yredelemnul.
  4971 | D:7      | Reached skill level 10 in Ice Magic
  4977 | D:7      | Reached *** piety under Vehumet
  4977 | D:7      | Reached XP level 9. HP: 45/45 MP: 14/23
  5007 | D:7      | Found a hide-covered altar of Uskayaw.
  5017 | D:7      | Slain by a centaur

Vault maps used:
D:1:      psy_arrival_fountain
D:2:      nicolae_overflow_crystal_walls, first_ration, st_stairs_7,
          minmay_lizard_pond, uniq_natasha
D:3:      uniq_robin, uniq_ijyb
D:4:      lemuel_round_altar, elyvilon_altar_3, uniq_pikel
D:5:      lightli_sewer_entry_pipes, serial_shops, nicolae_shop_behind_doors,
          fedhas_altar_4, uniq_edmund
D:6:      lemuel_round_altar, minitemple, minmay_temple_entry_nine_rooms,
          serial_shops, shop, uniq_grinder
D:7:      kennysheep_mini, eat_drink_and_be_merry_uskayaw,
          gammafunk_temple_overflow_pools, old_standard_altar, the_bakery,
          uniq_harold
Sewer:    sewer_co_purgy_island

Skill      XL: |  1  2  3  4  5  6  7  8 |
---------------+-------------------------+-----
Ice Magic      | 4 5 7 8 10 | 10.0
Spellcasting   | 4 6 8 |  8.5
Shields        | 1 2 4 |  4.0
Dodging        | |  2.4
Stealth        | |  2.4
Conjurations   | |  1.9

Action                   |  1- 3 |  4- 6 |  7- 9 || total
-------------------------+-------+-------+-------++-------
Melee: Unarmed           |     4 |    44 |       ||    48
       Whip              |       |       |    49 ||    49
 Cast: Freeze            |    58 |    89 |    94 ||   241
       Summon Ice Beast  |       |     3 |    15 ||    18
Evoke: Wand              |       |     5 |     1 ||     6
  Use: Scroll            |     1 |       |     9 ||    10
       Potion            |       |       |     3 ||     3
  Eat: Chunk             |       |     6 |     9 ||    15
Armor: Robe              |     7 |    10 |    11 ||    28
Dodge: Dodged            |    35 |    76 |    72 ||   183
Block: Buckler           |       |     2 |    23 ||    25

Table legend:
 A = Non-vault XP
 B = Vault XP
 C = Vault XP percentage of total XP
 D = Non-vault monster count
 E = Vault monster count
 F = Vault count percentage of total count
                 A         B        C        D         E       F
            +---------+---------+-------+---------+---------+-------
      Total |    1352 |    1547 |  53.4 |     106 |      35 |  24.8
            +---------+---------+-------+---------+---------+-------
        D:1 |      54 |       0 |   0.0 |      32 |       0 |   0.0
        D:2 |      74 |      44 |  37.3 |      18 |       8 |  30.8
        D:3 |      44 |      59 |  57.3 |      13 |      12 |  48.0
        D:4 |     194 |     442 |  69.5 |      15 |       1 |   6.2
        D:5 |     277 |     156 |  36.0 |      14 |       6 |  30.0
        D:6 |     532 |     145 |  21.4 |       9 |       1 |  10.0
        D:7 |     177 |     604 |  77.3 |       5 |       1 |  16.7
      Sewer |       0 |      97 | 100.0 |       0 |       6 | 100.0
            +---------+---------+-------+---------+---------+-------
